 Dungeon Crawl Stone Soup version 0.20-a0-940-g1ecfa5a (webtiles) character file.

39 JeffiDaFish the Skirmisher (level 3, -2/30 HPs)
             Began as a Demonspawn Abyssal Knight on Mar 31, 2017.
             Was a Follower of Lugonu.
             Slain by a gnoll
             ... wielding a +0 spear
              (5 damage)
             ... on level 2 of the Dungeon.
             The game lasted 00:03:39 (1417 turns).

JeffiDaFish the Skirmisher (DsAK)                   Turns: 1417, Time: 00:03:40

Health: -2/30      AC:  3    Str: 14    XL:     3   Next: 28%
Magic:  14/14      EV: 11    Int: 13    God:    Lugonu [*.....]
Gold:   55         SH:  0    Dex: 13    Spells: 2/2 levels left

rFire    . . .     SeeInvis .   a - +1 spear
rCold    . . .     Gourm    .   (no shield)
rNeg     . . .     Faith    .   b - +0 leather armour
rPois    .         Spirit   .   (no helmet)
rElec    .         Reflect  .   (no cloak)
rCorr    .         Harm     .   (no gloves)
MR       .....                  (no boots)
Stlth    ++........             (no amulet)
Regen    0.1/turn               g - ring of magical power
MPRegen  0.2/turn               (no ring)

@: no status effects
A: nightstalker 1, powered by pain 1, strong 1, wild magic 1
a: Depart the Abyss, Renounce Religion


You were on level 2 of the Dungeon.
You worshipped Lugonu.
Lugonu was aware of your devotion.
You were near starving.

You visited 1 branch of the dungeon, and saw 2 of its levels.
You visited the Abyss 1 time.

You collected 55 gold pieces.

Inventory:

Hand Weapons
 a - a +1 spear (weapon)
Armour
 b - a +0 leather armour (worn)
Jewellery
 d - an uncursed ring of fire {unknown}
 g - a ring of magical power (left hand)
Comestibles
 c - a bread ration
 f - a meat ration


   Skills:
 + Level 3.8 Fighting
 + Level 2.1 Polearms
 + Level 2.0 Armour
 + Level 0.8 Dodging
 + Level 2.7 Invocations


You had 2 spell levels left.
You didn't know any spells.

Dungeon Overview and Level Annotations

Branches:
Dungeon (2/15)

Altars:

Annotations:
D:2 Terence


Innate Abilities, Weirdness & Mutations

You are slightly more attuned to the shadows.
You sometimes gain a little power by taking damage.
Your muscles are strong. (Str +2)
Your spells are a little harder to cast, but a little more powerful.


Message History

You are too injured to fight recklessly!
You aren't carrying any potions.
You hit the gnoll.
The gnoll is lightly wounded.
The gnoll barely misses you.
You closely miss the gnoll.
The gnoll is lightly wounded.
The gnoll hits you with a club.
The gnoll hits you from afar with a spear.
* * * LOW HITPOINT WARNING * * *
You hit the gnoll.
The gnoll is lightly wounded.
The gnoll barely misses you.
The gnoll hits you from afar with a spear.
* * * LOW HITPOINT WARNING * * *
You barely miss the gnoll.
The gnoll is lightly wounded.
The gnoll barely misses you.
The gnoll hits you from afar with a spear.
You die...

....... .....+
....#### #######
#...g... #......
#.# #.##### #g#
#.#.... #g#
#.#.##. #g#
#.#<.#. #@#
#.####. #.#
#....#. #######.#
####.#. ....)...#
####.#.
#######.#######
#...... #(.......
#....#.
#.###############.
#.# #...........
#.#####.##########


You could see 3 gnolls.

Vanquished Creatures
  An ooze (D:1)
  2 dart slugs (D:1)
  A leopard gecko (D:1)
  4 bats (D:1)
  2 giant cockroaches (D:1)
  3 goblins (D:1)
  5 hobgoblins (D:1)
  A frilled lizard (D:1)
  7 kobolds (D:1)
  A rat (D:1)
27 creatures vanquished.

Notes
Turn   | Place    | Note
-------+----------+-------------------------------------------
     0 | Abyss:1  | JeffiDaFish the Demonspawn Abyssal Knight began the quest for the Orb.
     0 | Abyss:1  | Reached XP level 1. HP: 18/18 MP: 2/2
     6 | Abyss:1  | Gained mutation: Your muscles are strong. (Str +2) [potion of mutation]
     6 | Abyss:1  | Gained mutation: Your spells are a little harder to cast, but a little more powerful. [potion of mutation]
    21 | Abyss:1  | Found a corrupted altar of Lugonu.
    43 | Abyss:1  | Noticed a freezing wraith
    49 | Abyss:1  | Noticed a wretched star
    50 | D:1      | Escaped the Abyss
    91 | D:1      | Gained mutation: You sometimes gain a little power by taking damage. [demonic ancestry]
    91 | D:1      | Reached XP level 2. HP: 19/24 MP: 3/3
   170 | D:1      | Reached * piety under Lugonu
   414 | D:1      | Gained mutation: You are slightly more attuned to the shadows. [demonic ancestry]
   414 | D:1      | Reached XP level 3. HP: 30/30 MP: 5/5
   995 | D:2      | Noticed Terence
  1417 | D:2      | Slain by a gnoll

Vault maps used:
D:1:      dpeg_arrival_radiant
D:2:      vehumet_crystals, lemuel_coloured_pillars_altar,
          kennysheep_okawaru_gauntlet, uniq_terence
Abyss:1:  hangedman_abyss_batty_box

Skill      XL: |  1  2 |
---------------+-------+-----
Armour         | 2 |  2.0
Polearms       | 2 |  2.1
Fighting       | |  3.8
Dodging        | |  0.8
Invocations    | |  2.7

Action                   || total
-------------------------++-------
Melee: Spear             ||   114
Invok: Depart the Abyss  ||     1
  Use: Scroll            ||     5
       Potion            ||     4
 Stab: Sleeping          ||     2
Armor: Leather armour    ||    23
Dodge: Dodged            ||    46
